 Dungeon Crawl Stone Soup version 0.28.0-53-g5a82cb258f (webtiles) character file.

Game seed: 5302917269636764979

170 PedroKMD the Grave Robber (level 5, 0/35 HPs)
             Began as a Demonspawn Necromancer on July 23, 2022.
             Slain by an orc
             ... wielding a +0 trident
              (5 damage)
             ... on level 4 of the Dungeon.
             The game lasted 00:08:27 (3240 turns).

PedroKMD the Grave Robber (Demonspawn Necromancer)  Turns: 3240, Time: 00:08:28

Health: 0/35       AC:  3    Str:  8    XL:     5   Next: 25%
Magic:  10/19      EV: 12    Int: 19    God:
Gold:   140        SH:  0    Dex: 13    Spells: 6/11 levels left

rFire   + . .      SeeInvis +   s - +2 flail "Saevvot" {vamp, rF+}
rCold   . . .      Faith    .   (no shield)
rNeg    . . .      Spirit   .   a - +0 robe
rPois   .          Reflect  .   (helmet unavailable)
rElec   .          Harm     .   n - +0 cloak
rCorr   .          Rampage  .   (no gloves)
Will    .....                   (no boots)
Stlth   ++........              (no amulet)
HPRegen 0.11/turn               m - ring of magical power
MPRegen 0.16/turn               (no ring)

@: no status effects
A: antennae 3, powered by pain 1
a: no special abilities


You were on level 4 of the Dungeon.
You visited 1 branch of the dungeon, and saw 5 of its levels.

You collected 140 gold pieces.

Inventory:

Hand Weapons
 c - a +0 club
 d - a +0 rapier
 s - the +2 flail "Saevvot" (weapon) {vamp, rF+}
   (You found it on level 3 of the Dungeon)

   It occasionally heals its wielder for a portion of the damage dealt when it
   wounds a living foe.
   rF:        It protects you from fire.
Missiles
 l - a throwing net
 r - 4 poisoned darts
Armour
 a - a +0 robe (worn)
 n - a +0 cloak (worn)
Jewellery
 m - a ring of magical power (left hand)
Scrolls
 e - a scroll of fear {unknown}
 f - a scroll of identify {unknown}
 i - a scroll of enchant armour {unknown}
 j - 2 scrolls of teleportation {unknown}
 k - a scroll of amnesia {unknown}
Potions
 b - a potion of flight {unknown}
 g - a potion of ambrosia {unknown}
 h - a potion of heal wounds {unknown}
 o - 3 potions of curing {unknown}
 p - a potion of resistance {unknown}
 q - a potion of might {unknown}


   Skills:
 - Level 2.0 Dodging
 - Level 2.0 Stealth
 + Level 3.7 Spellcasting
 + Level 5.9 Necromancy


You had 6 spell levels left.
You knew the following spells:

 Your Spells              Type           Power      Damage    Failure   Level
a - Pain                  Necr           100%       1d9       1%          1
b - Animate Skeleton      Necr           52%        N/A       1%          1
c - Vampiric Draining     Necr           26%        2d7       3%          3

Your spell library contained the following spells:

 Spells                   Type           Power      Damage    Failure   Level
 Animate Dead             Necr           13%        N/A       12%         4
 Agony                    Necr           26%        N/A       34%         5
 Gell's Gravitas          Tloc           3%         N/A       38%         3
 Lesser Beckoning         Tloc           3%         N/A       38%         3
 Teleport Other           Tloc           3%         N/A       38%         3
 Olgreb's Toxic Radiance  Pois           3%         N/A       80%         4
 Ozocubu's Refrigeration  Ice            1%         4d5       100%        7
 Ignition                 Fire           1%         3d3       100%        8


Dungeon Overview and Level Annotations

Branches:
Dungeon (5/15)
 Temple: D:4-7

Altars:

Shops:
D:2 *


Innate Abilities, Weirdness & Mutations

You have a pair of large antennae on your head. (SInv)
You sometimes gain a little power by taking damage.


Message History

The orc is lightly wounded.
The orc closely misses you. x2; The orc completely misses you.
You closely miss the orc.
The orc is lightly wounded.
The orc hits you with a +0 dagger. The orc hits you but does no damage. x2
The orc hits you with a +1 short sword of electrocution.
You are electrocuted!
* * * LOW HITPOINT WARNING * * *
You focus on the pain.
You feel your power returning.
Press: ? - help, v - describe, . - travel
Here: an orc, wielding a +1 short sword of electrocution (lightly wounded)
The floor.
Unknown command.
Casting: Vampiric Draining (dangerous; 3% risk of failure)
Confirm with . or Enter, or press ? or * to list all spells.
Aiming: Pain (safe; 1% risk of failure)
Press: ? - help, Shift-Dir - straight line, f - orc
Aim: an orc, wielding a +1 short sword of electrocution (lightly wounded, chance to affect: 93%)
The orc writhes in agony.
The orc hits you but does no damage. x2
The orc hits you with a +1 short sword of electrocution.
* * * LOW HITPOINT WARNING * * *
Casting: Pain (safe; 1% risk of failure)
Confirm with . or Enter, or press ? or * to list all spells.
Aiming: Vampiric Draining (dangerous; 3% risk of failure)
Press: ? - help, Shift-Dir - straight line, f/p - orc
Aim: an orc, wielding a +1 short sword of electrocution (heavily wounded)
You draw life force from the orc!
You kill the orc!
You feel life coursing into your body.
The orc hits you from afar with a +0 trident.
* * * LOW HITPOINT WARNING * * *
The orc hits you but does no damage.
Casting: Vampiric Draining (dangerous; 3% risk of failure)
Confirm with . or Enter, or press ? or * to list all spells.
Aiming: Vampiric Draining (dangerous; 3% risk of failure)
Press: ? - help, Shift-Dir - straight line, f - orc
Aim: an orc, wielding a +0 dagger and wearing a +0 ring mail You draw life force from the orc.
You feel life coursing into your body.
The orc hits you from afar with a +0 trident.
You die...

# )# ..#
##...#
###.....#
#)@)..#
#..o.##
#.o.##
#...#
#...#
.....
..##. #..
..
......#..


You could see 2 orcs.

Vanquished Creatures
  An orc priest (D:4)
  4 gnolls
  2 adders
  A dart slug (D:2)
  4 orcs
  6 endoplasms
  A giant cockroach (D:2)
  3 goblins
  4 hobgoblins
  4 kobolds
  A quokka (D:1)
  6 ball pythons
  3 frilled lizards
  13 rats
53 creatures vanquished.

Vanquished Creatures (collateral kills)
  A centaur skeleton (D:4)
1 creature vanquished.

Grand Total: 54 creatures vanquished

Notes
Turn   | Place    | Note
-------+----------+-------------------------------------------
     0 | D:1      | PedroKMD the Demonspawn Necromancer began the quest for the
                  | Orb.
     0 | D:1      | Reached XP level 1. HP: 13/13 MP: 3/3
   164 | D:1      | Found a faded altar of an unknown god.
   556 | D:1      | Gained mutation: You have a pair of small antennae on your
                  | head. [demonic ancestry]
   556 | D:1      | Reached XP level 2. HP: 18/19 MP: 3/5
  1083 | D:1      | Gained mutation: You have a pair of antennae on your head.
                  | [demonic ancestry]
  1083 | D:1      | Reached XP level 3. HP: 19/24 MP: 1/6
  1274 | D:2      | Found Ceyqus's Assorted Antiques.
  1348 | D:2      | Reached skill level 5 in Necromancy
  1352 | D:2      | Learned a level 1 spell: Animate Skeleton
  1356 | D:2      | Learned a level 3 spell: Vampiric Draining
  2473 | D:3      | Gained mutation: You sometimes gain a little power by
                  | taking damage. [demonic ancestry]
  2473 | D:3      | Reached XP level 4. HP: 27/30 MP: 8/8
  2522 | D:3      | You fall into a shaft and drop 2 floors!
  2522 | D:5      | Entered Level 5 of the Dungeon
  3092 | D:3      | Identified the +2 flail "Saevvot" {vamp, rF+}
  3112 | D:3      | Gained mutation: You have a pair of large antennae on your
                  | head. (SInv) [demonic ancestry]
  3112 | D:3      | Reached XP level 5. HP: 35/35 MP: 10/10
  3240 | D:4      | Slain by an orc

Illustrated notes

Levels and vault maps discovered:
D:1:      lemuel_arrival_funnel, layout_basic,
          hellmonk_ecumenical_altar_zigzags, minmay_3d_cube
D:2:      layout_basic, serial_corexii_hall, corexii_hall_statues_x,
          corexii_hall_statues_i, serial_shops, shop
D:3:      layout_rooms
D:4:      cheibrodos_thug_alley, layout_cave_pools, minmay_misc_feat_roman
D:5:      layout_loops_corners, lemuel_flame_loot_1

Skill      XL: |  1  2  3 |
---------------+----------+-----
Dodging        | 2 |  2.0
Stealth        | 2 |  2.0
Necromancy     | 5 |  5.9
Spellcasting   | 3 |  3.7

Action                   |  1- 3 |  4- 6 || total
-------------------------+-------+-------++-------
Melee: Rapier            |    24 |     7 ||    31
       Club              |     5 |       ||     5
       Flail             |       |     4 ||     4
 Cast: Pain              |    49 |    24 ||    73
       Animate Skeleton  |     1 |     2 ||     3
       Vampiric Draining |       |     5 ||     5
 Stab: Sleeping          |     2 |     1 ||     3
Armor: Robe              |     4 |     9 ||    13
Dodge: Dodged            |    25 |    21 ||    46
